 Dungeon Crawl Stone Soup version 0.16-a0-3280-g3a29b53 (webtiles) character file.

14708 Ololoev the Impaler (level 12, -8/100 HPs)
             Began as a Merfolk Gladiator on Dec 24, 2014.
             Was a High Priest of Okawaru.
             Hit by a large rock thrown by a stone giant (36 damage)
             ... on level 3 of the Orcish Mines.
             The game lasted 00:48:20 (12853 turns).

Ololoev the Impaler (Merfolk Gladiator)            Turns: 12853, Time: 00:48:20

Health: -8/100     AC: 18    Str: 20    XL:     12   Next: 19%
Magic:  24/24      EV: 15    Int:  8    God:    Okawaru [*****.]
Gold:   754        SH:  0    Dex: 16    Spells: 0 memorised, 11 levels left

rFire  . . .     SeeInvis .     b - +2 spear (venom)
rCold  . . .     Clarity  .     k - +3 pearl dragon armour
rNeg   + . .     SustAb   .     (no shield)
rPois  .         Gourm    .     (helmet restricted)
rElec  .         Spirit   .     (no cloak)
rCorr  .         Warding  .     A - +0 pair of gloves
rMut   .         Stasis   .     (no boots)
MR     .....                    (no amulet)
Stlth  +.........               (no ring)
                                v - +1 ring of slaying

@: not resistant to hostile enchantments, very unstealthy
A: change form in water, swift swim, antennae 1, thin skeletal structure 1, high
mp 1, robust 1
a: Heroism, Finesse, Renounce Religion


You were on level 3 of the Orcish Mines.
You worshipped Okawaru.
Okawaru was extremely pleased with you.
You were not hungry.

You visited 2 branches of the dungeon, and saw 14 of its levels.

You collected 1026 gold pieces.
You spent 272 gold pieces at shops.

Notes
Turn   | Place    | Note
--------------------------------------------------------------
     0 | D:1      | Ololoev, the Merfolk Gladiator, began the quest for the Orb.
     0 | D:1      | Reached XP level 1. HP: 16/16 MP: 1/1
   128 | D:1      | Reached XP level 2. HP: 17/22 MP: 2/2
   162 | D:1      | Reached skill level 5 in Polearms
   580 | D:1      | Reached XP level 3. HP: 27/27 MP: 3/3
   759 | D:2      | Reached skill level 1 in Armour
   904 | D:2      | Found an opulent altar of Gozag.
   978 | D:2      | Found an iron altar of Okawaru.
   987 | D:2      | Became a worshipper of Warmaster Okawaru
  1024 | D:2      | Reached skill level 6 in Polearms
  1024 | D:2      | Reached XP level 4. HP: 31/33 MP: 4/4
  1361 | D:2      | Reached XP level 5. HP: 38/38 MP: 5/5
  1600 | D:3      | Found a white marble altar of Elyvilon.
  1614 | D:3      | Reached skill level 7 in Polearms
  1672 | D:3      | Reached XP level 6. HP: 40/44 MP: 6/6
  1714 | D:3      | Noticed Robin
  1729 | D:3      | Killed Robin
  1798 | D:3      | Acquired Okawaru's first power
  1878 | D:3      | Found a stormy altar of Qazlal.
  2143 | D:3      | Found a shadowy altar of Dithmenos.
  2360 | D:3      | Reached skill level 8 in Polearms
  2538 | D:4      | Found Otomad's Distillery.
  2555 | D:4      | Bought a potion of heal wounds for 50 gold pieces
  2555 | D:4      | Bought a potion of degeneration for 10 gold pieces
  2555 | D:4      | Bought a potion of might for 40 gold pieces
  2555 | D:4      | Bought a potion of agility for 40 gold pieces
  2570 | D:4      | Noticed Grinder
  2570 | D:4      | Paralysed by Grinder for 5 turns
  2587 | D:4      | Paralysed by Grinder for 2 turns
  2605 | D:4      | Killed Grinder
  2605 | D:4      | Reached skill level 9 in Polearms
  2605 | D:4      | Reached XP level 7. HP: 30/50 MP: 7/7
  2742 | D:4      | Found a bloodstained altar of Trog.
  2749 | D:4      | Found a glowing golden altar of the Shining One.
  2753 | D:4      | Found a stormy altar of Qazlal.
  2759 | D:4      | Found a snail-covered altar of Cheibriados.
  2772 | D:4      | Noticed Dowan
  2773 | D:4      | Noticed Duvessa
  2785 | D:4      | Killed Duvessa
  2787 | D:4      | Killed Dowan
  2791 | D:4      | Found a staircase to the Ecumenical Temple.
  2966 | D:4      | Reached skill level 10 in Polearms
  2966 | D:4      | Reached XP level 8. HP: 56/56 MP: 8/8
  3164 | D:5      | Entered Level 5 of the Dungeon
  3173 | D:5      | Found an ancient bone altar of Kikubaaqudgha.
  3338 | D:5      | Reached skill level 5 in Armour
  3350 | D:5      | Found a deep blue altar of Sif Muna.
  3611 | D:5      | Reached skill level 11 in Polearms
  3615 | D:5      | Gained mutation: You have an increased reservoir of magic (+10% MP). [mutagenic meat]
  3616 | D:5      | Gained mutation: You have a pair of small antennae on your head. [mutagenic meat]
  3898 | D:6      | Noticed Kemay's ghost (experienced OpMo)
  3941 | D:6      | Killed Kemay's ghost
  3941 | D:6      | Reached skill level 12 in Polearms
  3941 | D:6      | Reached XP level 9. HP: 29/61 MP: 9/9
  4817 | D:7      | Got a bloodstained scale mail
  4818 | D:7      | Identified the cursed -5 scale mail of Doriclud {Str-2} (You found it on level 7 of the Dungeon)
  4829 | D:7      | Noticed Eustachio
  4859 | D:7      | Killed Eustachio
  4859 | D:7      | Reached skill level 13 in Polearms
  4879 | D:7      | Noticed Ijyb
  4899 | D:7      | Killed Ijyb
  5061 | D:7      | Found a radiant altar of Vehumet.
  5480 | D:7      | Reached XP level 10. HP: 67/67 MP: 11/11
  5523 | D:7      | Reached skill level 14 in Polearms
  6668 | D:8      | Found a staircase to the Lair.
  6720 | D:8      | Found a deep blue altar of Sif Muna.
  6895 | D:8      | Acquired Okawaru's second power
  6899 | D:8      | Gained mutation: You have a somewhat thin skeletal structure (Dex +2, Stealth). [mutagenic meat]
  6900 | D:8      | Gained mutation: You are robust (+10% HP). [mutagenic meat]
  6956 | D:8      | Found Twap's Antique Weapon Shop.
  6966 | D:8      | Bought a runed halberd for 132 gold pieces
  7361 | D:9      | Reached skill level 15 in Polearms
  7544 | D:9      | Found a sparkling altar of Nemelex Xobeh.
  7694 | D:9      | Found a blossoming altar of Fedhas.
  7767 | D:9      | Received a gift from Okawaru
  7823 | D:9      | Reached skill level 1 in Evocations
  8026 | D:10     | Entered Level 10 of the Dungeon
  8283 | D:10     | Received a gift from Okawaru
  8283 | D:10     | Reached skill level 5 in Dodging
  8286 | D:10     | Noticed a seven-headed hydra
  8296 | D:10     | Killed a seven-headed hydra
  8296 | D:10     | Reached XP level 11. HP: 54/84 MP: 16/19
  8491 | D:10     | Found a glowing silver altar of Zin.
  8560 | D:10     | Noticed a centaur warrior
  8569 | D:10     | Killed a centaur warrior
  8569 | D:10     | Reached skill level 5 in Evocations
  8999 | D:10     | Found a staircase to the Orcish Mines.
  9706 | Orc:1    | Entered Level 1 of the Orcish Mines
  9717 | Orc:1    | Reached skill level 5 in Fighting
  9723 | Orc:1    | Found an iron altar of Okawaru.
  9931 | Orc:2    | Noticed an orc knight
  9957 | Orc:2    | Killed an orc knight
 10484 | Orc:3    | Identified a scroll of acquirement
 10665 | Orc:3    | Found Meriuc's Antique Weapon Shoppe.
 10889 | Orc:3    | Found a roughly hewn altar of Beogh.
 11096 | Orc:3    | Noticed Donald
 11632 | Orc:3    | Killed Donald
 11632 | Orc:3    | Received a gift from Okawaru
 11632 | Orc:3    | Reached XP level 12. HP: 47/97 MP: 19/24
 11838 | Orc:3    | Noticed Fannar
 11893 | Orc:3    | Killed Fannar
 11893 | Orc:3    | Reached skill level 1 in Shields
 12397 | Orc:4    | Entered Level 4 of the Orcish Mines
 12847 | Orc:3    | Noticed a stone giant
 12853 | Orc:3    | Hit by a large rock thrown by a stone giant

Inventory:

Hand weapons
 a - a +3 trident of freezing
 b - a +2 spear of venom (weapon)
Missiles
 d - 5 throwing nets (quivered)
Armour
 c - a +2 shield of reflection
 k - a +3 pearl dragon armour (worn)
 A - a +0 pair of gloves (worn)
Jewellery
 v - a +1 ring of slaying (left hand)
Scrolls
 j - 6 scrolls of teleportation
 l - 7 scrolls of remove curse
 m - 5 scrolls of magic mapping
 r - 4 scrolls of enchant weapon
 y - 2 scrolls of recharging
 B - 5 scrolls of amnesia
 D - a scroll of acquirement
Potions
 e - 2 potions of flight {unknown}
 g - 2 potions of curing
 h - a potion of brilliance {unknown}
 i - 3 potions of invisibility {unknown}
 n - a potion of resistance {unknown}
 o - 2 potions of cancellation {unknown}
 p - a potion of magic {unknown}
 t - 5 potions of restore abilities {unknown}
 z - 2 potions of heal wounds
Comestibles
 f - 6 bread rations
 q - 6 meat rations
 s - a chunk of flesh
 u - 3 beef jerkies
 w - a royal jelly
 x - 7 slices of pizza

Table legend:
 A = Turns spent in this place as a percentage of turns spent in the entire game.
 B = Non-inter-level travel turns spent in this place as a percentage of non-inter-level travel turns spent in the entire game.
 C = Inter-level travel turns spent in this place as a percentage of turns spent in this place.
 D = Turns resting spent in this place as a percentage of non-inter-level travel turns spent in this place.
 E = Turns spent auto-exploring this place as a percentage of non-inter-level travel turns spent in this place.
 F = Non-inter-level travel turns spent in this place divided by the number of levels of this place that you've seen.
                   A       B       C       D       E      F
               +-------+-------+-------+-------+-------+----------------------
         Total | 100.0 | 100.0 |   0.3 |   2.2 |   8.8 | 377.6
       Dungeon |  72.5 |  72.4 |   0.4 |   1.9 |   9.8 | 382.9
  Orcish Mines |  27.5 |  27.6 |   0.1 |   3.1 |   6.1 | 364.5
               +-------+-------+-------+-------+-------+----------------------


   Skills:
 + Level 7.0 Fighting
 - Level 15.0 Polearms
 - Level 2.0 Throwing
 + Level 9.3 Armour
 + Level 8.8 Dodging
 * Level 2.8 Shields
 - Level 6.6 Evocations


You had 11 spell levels left.
You didn't know any spells.

Dungeon Overview and Level Annotations

Branches:
Dungeon (10/15)            Temple (0/1) D:4            Lair (0/8) D:8
    Orc (4/4) D:10
    Elf: Orc:3-4

Altars:
Cheibriados
Dithmenos
Elyvilon
Fedhas
Gozag
Kikubaaqudgha
Nemelex Xobeh
Okawaru
Qazlal
Sif Muna
Trog
Vehumet
Zin
The Shining One
Beogh

Shops:
D:4 !   D:8 (   Orc:3 (


Innate Abilities, Weirdness & Mutations

You revert to your normal form in water.
You are very nimble and swift while swimming.
You have a pair of small antennae on your head.
You have a somewhat thin skeletal structure (Dex +2, Stealth).
You have an increased reservoir of magic (+10% MP).
You are robust (+10% HP).


Message History

The orc knight is severely wounded.
Drink which item? (? for menu, Esc to quit)
You feel better.
The orc knight hits you but does no damage.
You hit the orc knight.
The orc knight is almost dead.
You kill the orc knight!
Okawaru is honoured by your kill.
Your Fighting skill increases to level 7!
Things that are here:
a long sword; a plate armour; an orc corpse You butcher the orc corpse.
s - 4 chunks of flesh (gained 1)
Things that are here:
a long sword; a plate armour
Things that are here:
a scimitar; a plate armour You see here a +2 glaive of protection.
There is a stone staircase leading down, spattered with blood here.
You start resting.
You feel like a meek peon again.
You start resting.
Some of the chunks of flesh in your inventory have rotted away.
You start resting.
A stone giant comes into view.
A stone giant is nearby!
The stone giant shouts!
The stone giant throws a large rock.
The large rock hits you!!
Things that are here:
a large rock; a +2 glaive of protection Read which item? (? for menu, Esc to quit)
As you read the scroll of fog, it crumbles to dust.
The scroll dissolves into smoke.
The stone giant throws a large rock.
The large rock hits you.
There is a stone staircase leading down, spattered with blood here.
Things that are here:
a ring mail; a mace of crushing
There is a stone staircase leading up, spattered with blood here.
The stone giant throws a large rock.
The large rock hits you!!!
You die...

##.#####)...#.<........##
####.....##....#...........#
#.#.............#.........##
..........................##
#......#..[.).........#....#
.##..>##...##........##...##
..#...###.##..(.....#.....##
.......#.##.§§.............#
......#..).§§§[.@..........#
#....C.....§§§[.(...#.....##
.)............).)...##...##
.)......#.....[))........#
.........C....).#........##
..#............)..........#
..#.........#............##
.......#..................#
.....)...................##


You could see a stone giant.

Table legend:
 A = Kills in this place as a percentage of kills in entire the game.
 B = Kills by you in this place as a percentage of kills by you in the entire game.
 C = Kills by friends in this place as a percentage of kills by friends in the entire game.
 D = Other kills in this place as a percentage of other kills in the entire game.
 E = Experience gained in this place as a percentage of experience gained in the entire game.
 F = Experience gained in this place divided by the number of levels of this place that you have seen.
                   A       B       C       D       E      F
               +-------+-------+-------+-------+-------+----------------------
         Total | 100.0 | 100.0 |  -nan |  -nan | 100.0 | 1500.9
       Dungeon |  67.3 |  67.3 |  -nan |  -nan |  61.8 | 1299.0
  Orcish Mines |  32.7 |  32.7 |  -nan |  -nan |  38.2 | 2005.5
               +-------+-------+-------+-------+-------+----------------------

Vanquished Creatures
  Donald (Orc:3)
  Fannar (Orc:3)
  A hydra (D:10)
  A centaur warrior (D:10)
  The ghost of Kemay the Nimble, an experienced OpMo of Kikubaaqudgha (D:6)
  2 orc knights
  An orc sorcerer (Orc:2)
  A centaur zombie (D:10)
  A deep elf priest (D:10)
  Grinder (D:4)
  A wraith (D:10)
  A human (D:7)
  A hippogriff (D:8)
  A steam dragon (D:9)
  Eustachio (D:7)
  4 vampire mosquitoes (D:10)
  A hungry ghost (D:9)
  A warg (D:10)
  2 ice beasts
  3 black bears (D:10)
  14 orc warriors
  2 phantoms
  2 sky beasts
  4 centaurs
  14 ogres
  Duvessa (D:4)
  4 giant frogs
  A big kobold (D:7)
  A gnoll sergeant (D:9)
  5 killer bees (D:7)
  4 scorpions
  4 wights (D:6)
  2 goliath beetles
  Dowan (D:4)
  3 crimson imps
  2 giant frog zombies
  A giant frog skeleton (D:7)
  2 jellies
  21 orc priests
  A quasit (D:9)
  6 worker ants
  3 hounds
  4 iguanas
  19 orc wizards
  4 sheep (D:7)
  A killer bee zombie (D:8)
  Ijyb (D:7)
  A hound zombie (D:9)
  A hound skeleton (D:7)
  2 worker ant zombies (D:9)
  Robin (D:3)
  12 gnolls
  16 adders
  2 shadow imps
  6 worms
  An adder zombie (D:9)
  An adder skeleton (D:5)
  2 giant geckos
  2 oozes (D:5)
  135 orcs
  A ball python (D:1)
  11 bats
  4 giant cockroaches
  25 goblins
  23 hobgoblins
  21 jackals
  A quokka (D:8)
  A giant cockroach zombie (D:6)
  6 giant newts
  A jackal skeleton (D:4)
  20 kobolds
  An orc zombie (Orc:2)
  A quokka skeleton (D:7)
  16 rats
468 creatures vanquished.

Vanquished Creatures (others)
  A worker ant (D:5)
  An adder (D:5)
2 creatures vanquished.

Grand Total: 470 creatures vanquished

Action                   |  1- 3 |  4- 6 |  7- 9 | 10-12 || total
-------------------------+-------+-------+-------+-------++-------
Melee: Trident           |   123 |    21 |    78 |   604 ||   826
       Spear             |       |   231 |   343 |   505 ||  1079
Invok: Heroism           |       |       |       |     2 ||     2
       Finesse           |       |       |       |     1 ||     1
Evoke: Wand              |       |       |       |     6 ||     6
  Use: Scroll            |       |     5 |     7 |     9 ||    21
       Potion            |       |     2 |       |     4 ||     6
  Eat: Chunk             |       |     6 |    11 |    27 ||    44

Vault maps used:
D:1:      shiori_arrival_oz, hex_medium, minmay_liquid_box
D:2:      lemuel_coloured_pillars_altar, grunt_gozag_statues
D:3:      lemuel_doored_altar, grunt_dithmenos_smoke,
          nicolae_qazlal_general_emergency, uniq_robin
D:4:      grunt_temple_overflow_open, kennysheep_mini_moat,
          minmay_temple_entry_mist, serial_shops, nicolae_shop_statue_plus,
          uniq_grinder, uniq_duvessa
D:5:      overflow_temple_1_default, overflow_temple_1_default, first_bread,
          lemuel_flamethrower_2
D:6:      hangedman_decor_opposing
D:7:      fiery_altar_vehumet, grunt_livestock, corexii_checkpoint_b,
          uniq_eustachio, uniq_iyjb
D:8:      lair_0_dummy, serial_shops, shop, tgw_sif
D:9:      fedhas_altar_1, nemelex_xobeh_ov_fountains_minmay
D:10:     david_orc_1_choice, david_defended_altar_elf
Orc:1:    okawaru_metal_pillars_3
Orc:2:    basic_altar, nicolae_orc_rockfall, trog_book, uniq_erica
Orc:3:    serial_shops, nicolae_shop_crystal, nicolae_orc_pool_cavern,
          library_closet, mines2_david, uniq_fannar, uniq_donald
Orc:4:    grunt_orc_gardens, grunt_orc_garden, grunt_orc_garden,
          grunt_orc_garden, grunt_orc_garden
